 Dungeon Crawl Stone Soup version 0.21-a0-356-g45b0a09 (webtiles) character file.

1247 theanonym the Cleaver (level 8, -2/71 HPs)
             Began as a Minotaur Chaos Knight on Oct 12, 2017.
             Slain by Duvessa
             ... wielding a +0 short sword
              (16 damage)
             ... on level 5 of the Dungeon.
             The game lasted 00:16:14 (4646 turns).

theanonym the Cleaver (Minotaur Chaos Knight)       Turns: 4646, Time: 00:16:15

Health: -2/71      AC: 12    Str: 19    XL:     8   Next: 25%
Magic:  7/7        EV:  8    Int: 14    God:    Xom [.*....]
Gold:   73         SH:  0    Dex:  6    Spells: 7/7 levels left

rFire    . . .     SeeInvis .   n - +0 war axe
rCold    . . .     Gourm    +   (no shield)
rNeg     . . .     Faith    .   m - -2 chain mail
rPois    .         Spirit   .   (helmet restricted)
rElec    .         Reflect  .   (no cloak)
rCorr    .         Harm     .   k - +0 pair of gloves
MR       +....                  (no boots)
Stlth    ..........             q - amulet of the gourmand {Gourm, !d}
HPRegen  0.21/turn              o - ring of protection from magic {MR+, !d}
MPRegen  0.10/turn              (no ring)

@: brilliant
A: retaliatory headbutt, claws 1, horns 2, molten scales 1, clumsy 2, shaggy fur
1, sturdy frame 1
a: Renounce Religion


You were on level 5 of the Dungeon.
You worshipped Xom.
You were a plaything of Xom.
You were not hungry.

You visited 1 branch of the dungeon, and saw 5 of its levels.

You collected 238 gold pieces.
You spent 165 gold pieces at shops.

Inventory:

Hand Weapons
 n - a +0 war axe (weapon)
   (You found it on level 3 of the Dungeon)
Missiles
 w - 4 javelins (quivered)
Armour
 k - a +0 pair of gloves (worn)
   (You found it on level 1 of the Dungeon)
 m - a -2 chain mail (worn)
   (You found it on level 2 of the Dungeon)
Jewellery
 o - a ring of protection from magic (left hand) {MR+, !d}
   (You found it on level 3 of the Dungeon)
 q - an amulet of the gourmand (around neck) {Gourm, !d}
   (You found it on level 3 of the Dungeon)
Wands
 a - a wand of confusion (25/48)
   (You found it on level 4 of the Dungeon)
Scrolls
 e - 4 scrolls of remove curse
 g - a scroll of enchant armour
 i - a scroll of enchant weapon
 l - 2 scrolls of recharging {unknown}
 p - 2 scrolls of fear
 r - 2 scrolls of identify
 u - a scroll of teleportation {unknown}
Potions
 t - 3 potions of lignification {unknown}
 v - a potion of haste {unknown}
 z - a potion of curing
Comestibles
 c - 3 bread rations {@e1}
 d - 5 meat rations {@e2}
 h - 3 royal jellies
 j - 3 fruits


   Skills:
 + Level 6.5 Fighting
 + Level 9.0 Axes
 + Level 7.0 Armour
 - Level 1.1 Dodging


You had 7 spell levels left.
You didn't know any spells.

Dungeon Overview and Level Annotations

Branches:
Dungeon (5/15)             Temple (0/1) D:4

Altars:
Kikubaaqudgha
Qazlal
Uskayaw
Xom
Zin

Shops:
D:4 }   D:5 !

Annotations:
D:5 Duvessa


Innate Abilities, Weirdness & Mutations

You reflexively headbutt those who attack you in melee.
You have a pair of horns on your head.
You have sharp fingernails.
You are partially covered in molten scales. (AC +2)
You are very clumsy. (Dex -4)
You are covered in fur. (AC +1)
Your movements are slightly less encumbered by armour. (ER -2)


Message History

f - a blue potion Health restored: 71 You see here an arbalest.
There is a stone staircase leading up here.
Things that are here:
a flail; a chain mail
Found a stone staircase leading down.
An orc comes into view. It is wielding a dagger.
The orc shouts!
Dowan, Brother of Duvessa comes into view.
He is wielding a dagger.
It was a potion of brilliance.
You feel clever all of a sudden.
It was a potion of flight.
You feel very buoyant.
You fly up into the air.
Xom roars with laughter!
Duvessa, Sister of Dowan comes into view.
She is wielding a short sword.
Duvessa shouts!
You hit Dowan. Your headbutt misses Dowan. Dowan closely misses you.
You hit Dowan. You closely miss Duvessa. You hit Duvessa.
Your headbutt misses Duvessa. You hit the orc but do no damage.
The orc hits you but does no damage.
Duvessa drinks a potion.
Duvessa seems to grow stronger.
Your chain mail prevents you from hitting Duvessa.
You hit the orc but do no damage. The orc hits you but does no damage.
You hit Dowan. Your headbutt misses Dowan.
Your chain mail prevents you from hitting the orc.
You hit Duvessa but do no damage. The orc hits you but does no damage.
Duvessa hits you but does no damage. Dowan hits you but does no damage.
You hit Dowan but do no damage. Your headbutt misses Dowan. You slash the orc!
You kill the orc!
Your chain mail prevents you from hitting Duvessa.
Duvessa barely misses you. Dowan hits you but does no damage.
You hit Dowan. You completely miss Duvessa.
Duvessa hits you with a short sword. Dowan misses you.
You take 2 damage, and have 69/71 hp.
You slash Dowan!
You kill Dowan!
Duvessa weeps, then rights herself and shakes her weapon.
Duvessa goes berserk!
Your Axes skill increases to level 9!
You hit Duvessa but do no damage. Duvessa closely misses you. x2
You furiously retaliate!
You headbutt Duvessa. You closely miss Duvessa.
You headbutt Duvessa, but do no damage. "Serve the mortal, my child!"
Duvessa hits you with a short sword! Duvessa hits you with a short sword.
You take 9 damage, and have 60/71 hp.
You barely miss Duvessa. Duvessa hits you with a short sword.
You closely miss Duvessa. Duvessa hits you with a short sword! x2
You take 17 damage, and have 43/71 hp.
MASSIVE DAMAGE!!
You hit Duvessa. Duvessa hits you with a short sword.
Your white imp barely misses Duvessa.
You take 2 damage, and have 41/71 hp.
You hit Duvessa.
You are starting to lose your buoyancy.
Duvessa hits you but does no damage. x2
Your white imp gestures at Duvessa.
The puff of frost hits Duvessa.
Duvessa appears unharmed.
You barely miss Duvessa. Duvessa hits you but does no damage.
Your white imp hits Duvessa but does no damage.
You hit Duvessa but do no damage. Duvessa hits you with a short sword.
Duvessa hits you but does no damage.
Your white imp hits Duvessa but does no damage.
You take 1 damage, and have 41/71 hp.
You closely miss Duvessa. Duvessa hits you with a short sword.
Your white imp gestures at Duvessa.
The puff of frost hits Duvessa.
Duvessa resists.
Duvessa hits your white imp with a short sword!!
Your white imp dies!
You take 4 damage, and have 37/71 hp.
You closely miss Duvessa. Your headbutt misses Duvessa.
Duvessa closely misses you.
You slash Duvessa! You headbutt Duvessa. Duvessa hits you but does no damage.
Duvessa barely misses you.
You slash Duvessa!
You float gracefully downwards.
Duvessa hits you but does no damage. x2
You barely miss Duvessa. Duvessa hits you but does no damage.
You closely miss Duvessa. Duvessa hits you with a short sword.
* * * LOW HITPOINT WARNING * * *
Duvessa closely misses you.
You take 5 damage, and have 33/71 hp.
You hit Duvessa but do no damage. Duvessa hits you with a short sword.
* * * LOW HITPOINT WARNING * * *
You take 1 damage, and have 32/71 hp.
You closely miss Duvessa. Duvessa barely misses you. You furiously retaliate!
You headbutt Duvessa. Duvessa hits you with a short sword.
* * * LOW HITPOINT WARNING * * *
You barely miss Duvessa. Your headbutt misses Duvessa.
Duvessa hits you with a short sword!
* * * LOW HITPOINT WARNING * * *
You take 11 damage, and have 21/71 hp.
You hit Duvessa but do no damage.
Duvessa is no longer berserk.
Duvessa hits you with a short sword!
* * * LOW HITPOINT WARNING * * *
Duvessa hits you but does no damage.
You take 7 damage, and have 14/71 hp.
You slash Duvessa! You headbutt Duvessa, but do no damage.
Duvessa hits you with a short sword!
You die...

............... # .###
# #.............. ....
.###.............
##.###..##............
....................+
...................#
...............>)..#
#..#.#...#.#....@e.#
.....(........#.##.#
#..#.........##.##.###
#.........#...........(
#....#........#.#....##
##.###.#..############
....(....## ##.###.###
....##.####


You could see Duvessa.

Vanquished Creatures
  Grinder (D:5)
  The ghost of Tux the Charmwright, an amateur GnSk (D:3)
  Menkaure (D:5)
  2 sky beasts (D:5)
  2 scorpions
  Dowan (D:5)
  An orc priest (D:3)
  2 orc wizards
  An iguana (D:5)
  Natasha (thrice) (D:2 D:4)
  4 worker ants
  A hound skeleton (D:4)
  7 adders
  An ooze (D:3)
  2 dart slugs
  4 worms
  A leopard gecko (D:3)
  15 orcs
  3 giant cockroaches
  5 hobgoblins
  4 jackals (D:1)
  4 kobolds
  A quokka (D:3)
  8 bats
  7 frilled lizards
  6 goblins
  5 rats
93 creatures vanquished.

Notes
Turn   | Place    | Note
-------+----------+-------------------------------------------
     0 | D:1      | theanonym the Minotaur Chaos Knight began the quest for the Orb.
     0 | D:1      | Reached XP level 1. HP: 19/19 MP: 0/0
   296 | D:1      | Reached skill level 4 in Axes
   296 | D:1      | Reached XP level 2. HP: 27/27 MP: 1/1
   463 | D:1      | Reached skill level 4 in Fighting
   485 | D:1      | XOM: harmless Chrm miscast
  1144 | D:2      | Noticed Natasha
  1150 | D:2      | Killed Natasha
  1150 | D:2      | Reached XP level 3. HP: 31/34 MP: 2/2
  1196 | D:2      | Noticed Natasha
  1200 | D:2      | Killed Natasha
  1200 | D:2      | Reached skill level 3 in Armour
  1200 | D:2      | Reached XP level 4. HP: 34/41 MP: 3/3
  1247 | D:2      | XOM: harmless Air miscast
  1337 | D:2      | XOM: divination: magic mapping
  1388 | D:2      | Found a stormy altar of Qazlal.
  1390 | D:2      | Found a glowing silver altar of Zin.
  1451 | D:2      | XOM: give mutations
  1451 | D:2      | Gained mutation: You have sharp fingernails. [Xom's grace]
  1451 | D:2      | Gained mutation: Your flesh is cold resistant. (rC+) [Xom's grace]
  1451 | D:2      | Gained mutation: You are covered in fur. (AC +1) [Xom's grace]
  1484 | D:2      | Reached skill level 5 in Axes
  1660 | D:3      | Noticed Tux's ghost (amateur GnSk)
  1767 | D:3      | XOM: enchant monster (good)
  2058 | D:3      | XOM: confuse monster(s)
  2066 | D:3      | XOM: fog
  2070 | D:2      | XOM: god gift: 17 stones
  2119 | D:3      | Killed Tux's ghost
  2119 | D:3      | Reached skill level 5 in Fighting
  2119 | D:3      | Reached XP level 5. HP: 44/48 MP: 4/4
  2122 | D:2      | Reached skill level 4 in Armour
  2127 | D:2      | Reached skill level 6 in Axes
  2127 | D:2      | Reached XP level 6. HP: 44/56 MP: 5/5
  2180 | D:2      | XOM: cloud trail
  2518 | D:3      | Found a shimmering altar of Xom.
  2599 | D:3      | XOM: 2-stop teleportation journey
  2845 | D:3      | XOM: severe Necr miscast
  2883 | D:3      | Reached skill level 5 in Armour
  3013 | D:4      | Noticed Natasha
  3020 | D:4      | Killed Natasha
  3029 | D:4      | Found a staircase to the Ecumenical Temple.
  3118 | D:4      | Reached skill level 7 in Axes
  3118 | D:4      | Reached XP level 7. HP: 56/62 MP: 6/6
  3204 | D:4      | Found Qaakkun's Gadget Emporium.
  3267 | D:4      | Noticed a dagger
  3270 | D:4      | Noticed a dagger
  3314 | D:4      | Found a hide-covered altar of Uskayaw.
  3407 | D:4      | XOM is BORED!
  3407 | D:4      | XOM: give mutations
  3407 | D:4      | Gained mutation: You are frail. (-10% HP) [Xom's mischief]
  3407 | D:4      | Gained mutation: You are clumsy. (Dex -2) [Xom's mischief]
  3407 | D:4      | Gained mutation: You occasionally shout uncontrollably at your foes. [Xom's mischief]
  3502 | D:4      | XOM: harmless Tloc miscast
  3663 | D:5      | Entered Level 5 of the Dungeon
  3687 | D:5      | XOM: harmless Air miscast
  3776 | D:5      | Gained mutation: You evolve. [mutagenic meat]
  3777 | D:5      | Lost mutation: You evolve. [mutagenic meat]
  3778 | D:5      | Gained mutation: You are very clumsy. (Dex -4) [mutagenic meat]
  3848 | D:5      | Reached skill level 6 in Fighting
  3848 | D:5      | Reached skill level 6 in Armour
  3851 | D:5      | Gained mutation: You possess an exceptional clarity of mind. [mutagenic meat]
  3854 | D:5      | Lost mutation: You possess an exceptional clarity of mind. [mutagenic meat]
  3855 | D:5      | Gained mutation: Your movements are slightly less encumbered by armour. (ER -2) [mutagenic meat]
  3980 | D:5      | XOM: mild Tloc miscast
  3996 | D:5      | Noticed Menkaure
  4004 | D:5      | HP: 2/56 [Menkaure (20)]
  4005 | D:5      | Killed Menkaure
  4005 | D:5      | Reached skill level 8 in Axes
  4016 | D:5      | HP: 2/56 [orc/flail (2)]
  4052 | D:4      | XOM: mild Ice miscast
  4306 | D:5      | Found Loun's Distillery.
  4306 | D:5      | XOM: cast spell 'Dispersal'
  4329 | D:5      | Bought a potion of might for 44 gold pieces
  4329 | D:5      | Bought a potion of mutation for 88 gold pieces
  4329 | D:5      | Bought a potion of curing for 33 gold pieces
  4329 | D:5      | Lost mutation: You occasionally shout uncontrollably at your foes. [potion of mutation]
  4329 | D:5      | Lost mutation: Your flesh is cold resistant. (rC+) [potion of mutation]
  4329 | D:5      | Lost mutation: You are frail. (-10% HP) [potion of mutation]
  4329 | D:5      | Gained mutation: You are partially covered in molten scales. (AC +2) [potion of mutation]
  4333 | D:5      | Noticed Grinder
  4349 | D:5      | Paralysed by Grinder for 7 turns
  4365 | D:5      | Killed Grinder
  4365 | D:5      | Reached XP level 8. HP: 64/71 MP: 7/7
  4502 | D:5      | Found an ancient bone altar of Kikubaaqudgha.
  4513 | D:5      | Reached skill level 7 in Armour
  4618 | D:5      | Noticed Dowan
  4620 | D:5      | Noticed Duvessa
  4628 | D:5      | Killed Dowan
  4628 | D:5      | Reached skill level 9 in Axes
  4629 | D:5      | XOM: summons friendly white imp
  4645 | D:5      | HP: 14/71 [Duvessa/short sword (7)]
  4646 | D:5      | Slain by Duvessa

Vault maps used:
D:1:      scummos_arrival_forest, serial_park_tiny_2
D:2:      minitemple, first_bread, minmay_door_square, uniq_natasha
D:3:      lemuel_round_altar, nrook_mini_vaults
D:4:      dancing_weapons_uskayaw, temple_green, serial_shops, shop
D:5:      nicolae_overflow_crystal_walls, serial_shops,
          nicolae_shop_statue_plus, kennysheep_crisscross, uniq_duvessa,
          uniq_menkaure, uniq_grinder, uniq_crazy_yiuf_cottage

Skill      XL: |  1  2  3  4  5  6  7  8 |
---------------+-------------------------+-----
Axes           | 4 5 6 7 8 9 |  9.0
Fighting       | 4 5 6 |  6.5
Armour         | 3 4 5 6 7 |  7.0
Dodging        | |  1.1

Action                   |  1- 3 |  4- 6 |  7- 9 || total
-------------------------+-------+-------+-------++-------
Melee: Hand axe          |    60 |    65 |       ||   125
       Headbutt          |     7 |    22 |    13 ||    42
       War axe           |       |    48 |    96 ||   144
Throw: Javelin           |       |     6 |    12 ||    18
Evoke: Wand              |       |       |     2 ||     2
  Use: Potion            |     1 |       |     5 ||     6
       Scroll            |       |     5 |       ||     5
 Stab: Paralysed         |       |     1 |       ||     1
  Eat: Chunk             |       |     5 |    10 ||    15
       Bread ration      |       |     1 |     1 ||     2
Armor: Leather armour    |    24 |       |       ||    24
       Chain mail        |       |    66 |    51 ||   117
Dodge: Dodged            |    49 |    52 |    30 ||   131

Table legend:
 A = Spawn XP
 B = Non-spawn XP
 C = Spawn XP percentage of total XP
 D = Spawn monster count
 E = Non-spawn monster count
 F = Spawn count percentage of total count
 G = Total turns spent on level
                    A         B        C        D         E        F      G
               +---------+---------+-------+---------+---------+-------+---------
         Total |       0 |    1782 |   0.0 |       0 |      93 |   0.0 |  4646
               +---------+---------+-------+---------+---------+-------+---------
           D:1 |       0 |      17 |   0.0 |       0 |      11 |   0.0 |   976
           D:2 |       0 |     231 |   0.0 |       0 |      25 |   0.0 |  1225
           D:3 |       0 |     382 |   0.0 |       0 |      28 |   0.0 |   762
           D:4 |       0 |     186 |   0.0 |       0 |      12 |   0.0 |   952
           D:5 |       0 |     966 |   0.0 |       0 |      17 |   0.0 |   731
               +---------+---------+-------+---------+---------+-------+---------

Vault maps used:
D:1:      scummos_arrival_forest, serial_park_tiny_2
D:2:      minitemple, first_bread, minmay_door_square, uniq_natasha
D:3:      lemuel_round_altar, nrook_mini_vaults
D:4:      dancing_weapons_uskayaw, temple_green, serial_shops, shop
D:5:      nicolae_overflow_crystal_walls, serial_shops,
          nicolae_shop_statue_plus, kennysheep_crisscross, uniq_duvessa,
          uniq_menkaure, uniq_grinder, uniq_crazy_yiuf_cottage

Table legend:
 A = Turns spent in this place as a percentage of turns spent in the entire game.
 B = Non-inter-level travel turns spent in this place as a percentage of non-inter-level travel turns spent in the entire game.
 C = Inter-level travel turns spent in this place as a percentage of turns spent in this place.
 D = Turns resting spent in this place as a percentage of non-inter-level travel turns spent in this place.
 E = Turns spent auto-exploring this place as a percentage of non-inter-level travel turns spent in this place.
 F = Non-inter-level travel turns spent in this place divided by the number of levels of this place that you've seen.
                   A       B       C       D       E      F
               +-------+-------+-------+-------+-------+----------------------
         Total | 100.0 | 100.0 |   5.9 |  32.0 |  47.1 | 874.4
       Dungeon | 100.0 | 100.0 |   5.9 |  32.0 |  47.1 | 874.4
               +-------+-------+-------+-------+-------+----------------------

Table legend:
 A = Kills in this place as a percentage of kills in entire the game.
 B = Kills by you in this place as a percentage of kills by you in the entire game.
 C = Kills by friends in this place as a percentage of kills by friends in the entire game.
 D = Other kills in this place as a percentage of other kills in the entire game.
 E = Experience gained in this place as a percentage of experience gained in the entire game.
 F = Experience gained in this place divided by the number of levels of this place that you have seen.
                   A       B       C       D       E      F
               +-------+-------+-------+-------+-------+----------------------
         Total | 100.0 | 100.0 |   N/A |   N/A | 100.0 | 356.4
       Dungeon | 100.0 | 100.0 |   N/A |   N/A | 100.0 | 356.4
               +-------+-------+-------+-------+-------+----------------------
